 Dungeon Crawl Stone Soup version 0.30-a0-652-gcc886f7154 (webtiles) character file.

Game seed: 14652370730562962199

30 wormed the Ducker (level 3, 0/17 HPs)
             Began as a Felid Chaos Knight on Jan 17, 2023.
             Was a Plaything of Xom.
             Succumbed to an adder's poison
             ... on level 1 of the Dungeon.
             The game lasted 00:01:12 (625 turns).

wormed the Ducker (Felid Chaos Knight)               Turns: 625, Time: 00:01:12

Health: 0/17       AC:  1    Str:  8    XL:     3   Next: 5%
Magic:  0/4        EV: 18    Int: 15    God:    Xom [..*...]
Gold:   21         SH:  0    Dex: 15    Spells: 2/2 levels left
                                        Lives:  0   Deaths: 0

rFire   . . .      SeeInvis +      - Unarmed
rCold   . . .      Faith    .    (shield unavailable)
rNeg    . . .      Spirit   +    (body armour unavailable)
rPois   .          Reflect  .    (helmet unavailable)
rElec   .          Harm     .    (cloak unavailable)
rCorr   .          Rampage  .    (gloves unavailable)
Will    .....                    (boots unavailable)
Stlth   ++                       b - amulet of guardian spirit
HPRegen 0.22/turn                (no ring)
MPRegen 0.09/turn                (no ring)

@: lethally poisoned (0 -> -1), flying, quick
A: very small, claws 1, fangs 3, see invisible, speed 1, shaggy fur 1, stealthy
paws, no weapons or thrown items, no armour, multi-lived
a: Renounce Religion


You were on level 1 of the Dungeon.
You worshipped Xom.
You were a toy of Xom.
You visited 1 branch of the dungeon, and saw 1 of its levels.

You collected 21 gold pieces.

Inventory:

Jewellery
 b - an amulet of guardian spirit (around neck)
Miscellaneous
 a - a piece from Xom's chessboard (12/15) (quivered)


   Skills:
 + Level 3.3 Fighting
 + Level 3.7 Dodging
 + Level 1.7 Stealth
 + Level 3.3 Unarmed Combat


You had 2 spell levels left.
You didn't know any spells.
Your spell library contained the following spells:

 Spells                   Type           Power      Damage    Failure   Level
 Cigotuvi's Dreadful Rot  Necr/Pois/Air  0%         N/A       38%         2
 Poisonous Vapours        Pois/Air       0%         N/A       38%         2
 Mephitic Cloud           Conj/Pois/Air  0%         N/A       63%         3


Dungeon Overview and Level Annotations

Branches:
Dungeon (1/15)

Altars:


Innate Abilities, Weirdness & Mutations

You have sharp claws.
You have razor-sharp teeth.
You have supernaturally acute eyesight. (SInv)
You cover ground quickly. (Speed+)
You are covered in fur. (AC +1)
Your paws help you pounce on unaware monsters.
You are incapable of wielding weapons or throwing items.
You cannot wear armour.
You gain extra lives every three experience levels.


Message History

The adder is moderately wounded.
You feel sick. The adder misses you. The adder completely misses you.
It was a potion of flight.
You feel very buoyant.
You fly up into the air.
Xom thinks this is hilarious!
You feel sick.
You are no longer poisoned.
The adder completely misses you.
The air fills with toxic fumes!
As you read the scroll labelled JOIDAXZISABE, it crumbles to dust.
It was a scroll of poison.
The adder bites you.
You are poisoned.
The adder poisons you!
You make a move on Xom's chessboard...
The adder twists and deforms.
You feel sick. The adder completely misses you.
You closely miss the adder.
The adder is moderately wounded.
You feel sick. The adder bites you.
* * * LOW HITPOINT WARNING * * *
You are lethally poisoned!
The adder poisons you! The adder misses you.
You make a move on Xom's chessboard...
The adder suddenly stops moving!
* * * LOW HITPOINT WARNING * * *
You feel sick.
You pounce on the unaware helpless adder!
You claw the adder!
You kill the adder!
* * * LOW HITPOINT WARNING * * *
You feel sick.
You have reached level 3!
Your experience leads to an increase in your attributes!
Increase (S)trength, (I)ntelligence, or (D)exterity?
You feel clever. x2
There is a lethal amount of poison in your body!
You make a move on Xom's chessboard...
Nothing appears to happen.
* * * LOW HITPOINT WARNING * * *
You feel sick.
You die...
Xom is highly amused!

# #..# #.# #......# #...# # #..#
#.# ##...### #...#
######..####.####...#######...#
..............................#
...........[..................#
#################################
*,**,,,,,,,,..,* #§####.§........
,,*,***,,###§#☼###§§#§§§§#.###.##
,,,** **,#§☼§§§§@.§§§§§§§#.##...#
,,,* *,#§###§§###☼§###§#.......
,,,** **,,,,,#§.#...§§§#.#.......
*,*,***,,,,**#..###..###.#......#
*,**,,,**,,,,........†..........#
*,*******,,*.#..###..#.#.#..###.#
*+** *,,#.#..#....#.#.#..# #.#
,,,** **,#*#..###..###.#..# #.#
,,,,** *,,,,,,,,,,,,,..#..#*#.#


There were no monsters in sight!

Vanquished Creatures
  An adder (D:1)
  A ball python (D:1)
  2 bats (D:1)
  3 endoplasms (D:1)
  A giant cockroach (D:1)
  4 goblins (D:1)
  2 hobgoblins (D:1)
  A quokka (D:1)
  3 frilled lizards (D:1)
  A kobold (D:1)
19 creatures vanquished.

Notes
Turn   | Place    | Note
-------+----------+-------------------------------------------
     0 | D:1      | wormed the Felid Chaos Knight began the quest for the Orb.
     0 | D:1      | Reached XP level 1. HP: 10/10 MP: 2/2
   118 | D:1      | XOM: silly message
   247 | D:1      | Reached skill level 1 in Stealth
   249 | D:1      | Reached XP level 2. HP: 12/14 MP: 1/3
   608 | D:1      | XOM: polymorph rat -> adder
   624 | D:1      | Reached XP level 3. HP: 2/17 MP: 0/4
   625 | D:1      | Succumbed to an adder's poison

Illustrated notes

Levels and vault maps discovered:
D:1:      dpeg_arrival_boxes_within_box, layout_loops_corners,
          minmay_misc_feat_nine_boxes

Skill      XL: |  1 |
---------------+----+-----
Stealth        | 1 |  1.7
Fighting       | |  3.3
Dodging        | |  3.7
Unarmed Combat | |  3.3

Action                   || total
-------------------------++-------
Melee: Unarmed           ||    56
       Bite              ||     2
       Punch             ||     2
Evoke: Piece from Xom's  ||     3
  Use: Scroll            ||     3
       Potion            ||     1
 Stab: Paralysed         ||     1
       Sleeping          ||     1
Armor: Skin              ||     4
Dodge: Dodged            ||    47

Table legend: (Time is in decaauts)
 A = Elapsed time spent in this place.
 B = Non-inter-level travel time spent in this place.
 C = Inter-level travel time spent in this place.
 D = Time resting spent in this place.
 E = Time spent auto-exploring this place.
 F = Levels seen in this place.
 G = Mean time per level.
                   A        B        C        D        E       F      G
               +--------+--------+--------+--------+--------+-----+--------+
         Total |    520 |    520 |      0 |      0 |    396 |   1 |  520.0 |
       Dungeon |    520 |    520 |      0 |      0 |    396 |   1 |  520.0 |
               +--------+--------+--------+--------+--------+-----+--------+

Top non-repeatable levels by time:
     D:1: 520 daAuts
